AoeStats
← A Bá

Pilgrims

508632807Analyzed
4v4 RM · 10d ago on Sep 23, 2026· 48m 46s· 8 players
Game mode
Random Map
Map size
Large (8 player)
Population
200
Speed
Normal
Resources
Standard
Victory
Conquest
Starting age
Dark Age
Ending age
Imperial Age
RankedLock teamsTeams togetherTeam positionsShared explorationLock speedFull tech treeHidden civsTurbo modeCheats
Victory
Defeat
🇦🇷 Inca · Argentina
1340
+9
🇨🇳 Bohemians · China
1236
+13
🇨🇳 Danes · China
1186
+15
🇨🇳 Italians · China
797
+29
🇻🇳 Cumans · Vietnam
1214
-18
🇦🇺 Varangians · Australia
1203
-18
🇨🇳 Goths · China
1191
-17
🇧🇩 Vikings · Bangladesh
1069
-13
83716497273
4:26 Loom
9:49 Feudal Age
10:35 Fishing Lines
12:50 Town Watch
13:52 Double-Bit Axe
17:57 Castle Age
17:28 Fletching
19:16 Wheelbarrow
18:59 Bow Saw
18:49 Gillnets
19:57 Medium Warships
21:52 Clinker Construction
24:12 Hand Cart
24:56 Careening
25:13 Siphons
27:11 Caravan
33:19 Imperial Age
33:45 Stone Mining
34:33 Shipwright
34:51 Heavy Warships
34:48 Incendiaries
35:47 Stone Shaft Mining
37:10 Chemistry
37:06 Carvel Hull
37:45 Silk Road
37:12 Elite Cannon Galleon
39:26 Two-Man Saw
43:41 Guilds
2307972140
4:44 Loom
9:58 Feudal Age
10:30 Double-Bit Axe
11:54 Fishing Lines
18:05 Gold Mining
17:56 Horse Collar
21:17 Castle Age
21:10 Champi Runner
21:52 Scale Mail Armor
22:02 Forging
21:53 Gillnets
22:15 Medium Warships
22:31 Squires
21:52 Champi Warrior
24:30 Chain Mail Armor
24:51 Iron Casting
24:51 Bow Saw
25:45 Wheelbarrow
27:01 Pikeman
31:07 Hand Cart
32:14 Heavy Plow
32:56 Gold Shaft Mining
36:29 Imperial Age
34:55 Iron Casting
34:25 Town Watch
36:52 Arson
36:42 Elite Champi Warrior
38:20 Plate Mail Armor
39:55 Blast Furnace
41:43 Halberdier
47:21 Crop Rotation
46:42 Stone Mining
49:11 Chemistry
FM
13:41 Feudal Age
14:29 Double-Bit Axe
14:34 Fishing Lines
20:19 Castle Age
21:59 Bow Saw
22:05 Fervor
25:06 Imperial Age
23:48 Chemistry
25:06 Wheelbarrow
25:11 Ballistics
26:20 Houfnice
27:41 Hand Cart
28:53 Two-Man Saw
27:17 Pikeman
27:59 Squires
28:03 Scale Mail Armor
28:14 Forging
27:56 Fletching
28:06 Padded Archer Armor
29:43 Siege Engineers
30:07 Halberdier
30:33 Arson
31:47 Chain Mail Armor
32:08 Iron Casting
31:57 Bodkin Arrow
32:17 Leather Archer Armor
34:43 Conscription
34:32 Wagenburg Tactics
36:51 Hussite Reforms
39:31 Blast Furnace
39:01 Plate Mail Armor
39:02 Ring Archer Armor
38:32 Bracer
41:34 Horse Collar
44:10 Heavy Plow
44:59 Sanctity
44:55 Block Printing
45:06 Illumination
45:16 Theocracy
44:47 Devotion
44:43 Herbal Medicine
47:53 Redemption
48:03 Faith
48:39 Faith
48:29 Redemption
48:20 Atonement
48:12 Loom
48:12 Town Watch
靓仔
10:47 Feudal Age
19:02 Castle Age
21:53 Loom
23:01 Town Watch
24:28 Wheelbarrow
25:05 Gold Mining
25:12 Horse Collar
30:02 Double-Bit Axe
34:04 Fishing Lines
38:01 Imperial Age
35:47 Hamask
36:56 Hand Cart
36:58 Forging
36:39 Fletching
36:52 Scale Mail Armor
38:39 Bodkin Arrow
39:21 Iron Casting
39:26 Conscription
44:25 Hoardings
44:42 Bow Saw
午夜屠猪男
9:53 Loom
12:23 Feudal Age
13:52 Fishing Lines
20:45 Castle Age
19:53 Gold Mining
20:01 Stone Mining
21:02 Double-Bit Axe
21:02 Horse Collar
26:24 Scale Mail Armor
27:03 Town Watch
30:33 Forging
30:39 Chain Mail Armor
32:59 Man-at-Arms
34:06 Long Swordsman
34:52 Anarchy
38:24 Imperial Age
40:26 Imperial Age
39:26 Long Swordsman
40:30 Two-Handed Swordsman
Súc Vật Du Phong
3:43 Loom
12:08 Feudal Age
16:49 Castle Age
15:36 Double-Bit Axe
15:56 Horse Collar
19:03 Bow Saw
23:41 Heavy Plow
26:46 Forging
27:02 Bloodlines
29:11 Scale Barding Armor
30:26 Wheelbarrow
33:34 Imperial Age
31:43 Gold Mining
32:55 Hand Cart
33:21 Iron Casting
34:40 Gold Shaft Mining
33:34 Cavalier
34:51 Steppe Husbandry
35:51 Conscription
37:50 Blast Furnace
37:11 Chain Barding Armor
36:21 Elite Kipchak
37:57 Fletching
38:07 Padded Archer Armor
37:59 Paladin
39:08 Ballistics
39:48 Chemistry
41:29 Paladin
46:58 Crop Rotation
HIT_007
7:17 Loom
13:20 Feudal Age
18:29 Gold Mining
18:28 Double-Bit Axe
25:16 Castle Age
23:40 Horse Collar
24:23 Fishing Lines
24:52 Fletching
27:42 Bodkin Arrow
29:05 Clinker Construction
30:21 Careening
36:30 Heavy Plow
42:40 Imperial Age
40:55 Stone Mining
41:17 Bow Saw
44:03 Forging
A Bá
6:23 Loom
12:03 Feudal Age
13:01 Double-Bit Axe
13:12 Fletching
20:25 Castle Age
19:36 Gold Mining
21:38 Bow Saw
21:34 Bodkin Arrow
24:33 Medium Warships
26:29 Horse Collar
30:46 Wheelbarrow
31:46 Medium Warships
32:24 Hand Cart
32:23 Heavy Plow
33:01 Forging
38:19 Imperial Age
36:41 Scale Barding Armor
36:44 Husbandry
37:00 Bloodlines
38:20 Fervor
39:24 Iron Casting
39:32 Conscription
39:25 Squires
38:47 Pikeman
41:26 Stone Mining
41:21 Vendel Legacy
42:48 Scale Mail Armor
43:50 Blast Furnace
42:52 Light Cavalry
43:58 Cavalier
45:35 Chain Barding Armor
48:31 Stone Shaft Mining
Connection lost

Rejoining the realm…

Still unreachable

The connection could not be restored.

Session expired

The server has moved on; the page needs a fresh start.